 Dungeon Crawl Stone Soup version 0.28-a0-1389-gc726bef33b (webtiles) character file.

Game seed: 18359456440097611922

2461 kae the Transmogrifier (level 9, -1/76 HPs)
             Began as a Pale Draconian Transmuter on Jan 3, 2022.
             Slain by a warg (7 damage)
             ... on level 6 of the Dungeon.
             The game lasted 00:07:35 (8164 turns).

kae the Transmogrifier (Pale Draconian Transmuter)  Turns: 8164, Time: 00:07:36

Health: -1/76      AC: 10    Str: 18    XL:     9   Next: 26%
Magic:  16/18      EV: 10    Int: 18    God:
Gold:   323        SH:  0    Dex: 12    Spells: 12/20 levels left

rFire   x . .      SeeInvis +     - Unarmed
rCold   + + +      Faith    .   (shield currently unavailable)
rNeg    . . .      Spirit   .   (armour unavailable)
rPois   +          Reflect  .   (helmet currently unavailable)
rElec   .          Harm     .   (cloak currently unavailable)
rCorr   .          Rampage  .   (gloves currently unavailable)
Will    .....                   (boots currently unavailable)
Stlth   +.........              (no amulet)
HPRegen 0.22/turn               b - +6 ring of strength
MPRegen 0.16/turn               p - ring of see invisible

@: ice-form
A: freezing attack, amphibious, boosted hp, (breathe steam), AC +7, large,
unfitting armour, (cold-blooded), (steam resistance)
a: End Transformation


You were on level 6 of the Dungeon.
You were a creature of crystalline ice.
You visited 1 branch of the dungeon, and saw 6 of its levels.

You collected 323 gold pieces.

Inventory:

Hand Weapons
 c - a +0 short sword of freezing
 d - the +6 trident of the Red Skies (melded) {vorpal, rF+ Str+4 Int+6}
   (You found it on level 3 of the Dungeon)

   It inflicts extra damage upon your enemies.
   Str:       It affects your strength (+4).
   Int:       It affects your intelligence (+6).
   rF:        It protects you from fire.
Armour
 g - a +0 pair of gloves (melded)
 l - the +0 cloak "Itaik" (melded) {Will+ Int+3}
   (You found it on level 4 of the Dungeon)

   Int:       It affects your intelligence (+3).
   Will:      It increases your willpower.
Jewellery
 b - a +6 ring of strength (left front paw)
 f - a ring of positive energy
 n - a ring of protection from fire
 p - a ring of see invisible (right front paw)
 s - a +6 ring of strength
Scrolls
 k - 3 scrolls of brand weapon
 m - 2 scrolls of teleportation
Potions
 a - 2 potions of curing
 e - a potion of brilliance
 h - 2 potions of flight
 i - a potion of cancellation {unknown}
 j - 2 potions of haste {unknown}
 o - a potion of lignification {unknown}
 r - 2 potions of ambrosia {unknown}


   Skills:
 - Level 1.1 Fighting
 - Level 1.7 Dodging
 - Level 3.0 Unarmed Combat
 + Level 6.1 Spellcasting
 * Level 9.4 Transmutations
 - Level 5.0 Ice Magic
 - Level 1.7 Poison Magic


You had 12 spell levels left.
You knew the following spells:

 Your Spells              Type           Power      Damage    Failure   Level
a - Beastly Appendage     Tmut           78%        N/A       1%          1
b - Spider Form           Tmut/Pois      25%        N/A       3%          3
c - Ice Form              Ice/Tmut       31%        N/A       6%          4

Your spell library contained the following spells:

 Spells                   Type           Power      Damage    Failure   Level
 Wereblood                Tmut           39%        N/A       1%          2
 Ignite Poison            Fire/Tmut/Pois 19%        N/A       8%          3
 Pain                     Necr           20%        1d5       12%         1
 Excruciating Wounds      Necr           2%         N/A       97%         5


Dungeon Overview and Level Annotations

Branches:
Dungeon (6/15)
 Temple: D:4-7

Altars:
Dithmenos
Uskayaw
Wu Jian

Shops:
D:2 !   D:4 (


Innate Abilities, Weirdness & Mutations

You are a creature of crystalline ice.
You have a powerful freezing melee attack.
You are amphibious.
Your maximum health is increased.
Your armour is entirely melded.
You are incapable of wielding weapons or throwing items.
((You can breathe blasts of scalding, opaque steam.))
((Your pale cyan-grey scales are hard. (AC +7)))
You cannot fit into any form of body armour.
((You are cold-blooded and may be slowed by cold attacks.))
((You are immune to the effects of steam.))


Message History

You hear a shout! x2; You hear a bark!
You punch the howler monkey! You freeze the howler monkey.
The howler monkey is severely wounded.
The howler monkey hoots and howls with incredible vigour!
The hound bites you but does no damage. The warg bites you.
The warg closely misses you. The howler monkey hits you.
You hear a howl!
You are too injured to fight recklessly!
You are too injured to fight recklessly!
You are too injured to fight recklessly!
You are too injured to fight recklessly!
You are too injured to fight recklessly!
You are too injured to fight recklessly!
You punch the howler monkey! You freeze the howler monkey.
You kill the howler monkey!
The hound stops to sniff the ground.
The hound barely misses you. The warg bites you. x2
The hound barely misses you.
The howler monkey hoots and howls with incredible vigour!
You hear a howl!
You hit the warg but do no damage. The warg bites you!
* * * LOW HITPOINT WARNING * * *
The warg bites you!
* * * LOW HITPOINT WARNING * * *
The hound splashes around in the water.
You punch the warg! You freeze the warg.
The warg is heavily wounded.
A nearby plant withers and dies.
The warg bites you but does no damage. The hound bites you but does no damage.
The warg bites you.
* * * LOW HITPOINT WARNING * * *
The hound barely misses you. The warg barely misses you.
The hound bites you but does no damage.
You punch the warg! You freeze the warg.
The warg is severely wounded.
The hound barely misses you.
The howler monkey hoots and howls with incredible vigour!
The warg bites you but does no damage. The hound bites you.
* * * LOW HITPOINT WARNING * * *
The warg bites you!
You die...

######################
......hh.............#
..P..hhY........P....###
≈≈≈≈≈hh≈≈≈≈≈≈≈≈≈≈....#.#
≈≈≈≈≈≈≈≈≈≈≈≈≈≈≈≈≈....#..
≈≈≈≈≈≈≈≈≈≈#####≈≈....#.#
..........#..o#≈≈....#.#
###########...#≈≈P...#.#
#'###≈≈....#.# #g
.≈≈≈....#.# .≈≈≈..P.#.#


You could see 2 wargs, a howler monkey (catching breath), 3 hounds and an orc
priest.

Vanquished Creatures
  Sigmund (D:2)
  Menkaure (D:5)
  A water moccasin (D:5)
  An orc warrior (D:6)
  3 ice beasts
  6 ogres
  A necrophage (D:5)
  3 gnoll sergeants (D:6)
  2 scorpions
  A water moccasin skeleton (D:4)
  3 howler monkeys (D:6)
  A bullfrog zombie (D:5)
  A centaur zombie (D:5)
  4 hounds
  3 orc priests
  A gnoll shaman (D:6)
  An iguana (D:4)
  Natasha (thrice) (D:3)
  6 orc wizards
  Robin (D:3)
  3 gnolls (D:6)
  3 adders
  A worm (D:3)
  A dart slug (D:3)
  11 orcs
  5 endoplasms
  5 giant cockroaches
  12 goblins
  10 hobgoblins
  6 jackals (D:2)
  10 kobolds
  2 quokkas (D:4)
  10 ball pythons
  6 bats
  3 frilled lizards
  7 rats
139 creatures vanquished.

Vanquished Creatures (others)
  2 plants
2 creatures vanquished.

Grand Total: 141 creatures vanquished

Notes
Turn   | Place    | Note
-------+----------+-------------------------------------------
     0 | D:1      | kae the Draconian Transmuter began the quest for the Orb.
     0 | D:1      | Reached XP level 1. HP: 16/16 MP: 3/3
   533 | D:1      | Reached XP level 2. HP: 23/23 MP: 5/5
   747 | D:1      | Found a faded altar of an unknown god.
  1206 | D:2      | Reached skill level 3 in Transmutations
  1219 | D:2      | Reached XP level 3. HP: 14/28 MP: 6/6
  1370 | D:2      | Found Ceus's Distillery.
  1508 | D:2      | Noticed Sigmund
  1661 | D:1      | Learned a level 3 spell: Spider Form
  1804 | D:2      | Killed Sigmund
  1805 | D:2      | Reached skill level 4 in Transmutations
  1805 | D:2      | Reached skill level 1 in Poison Magic
  1805 | D:2      | Reached XP level 4. HP: 18/35 MP: 4/8
  1805 | D:2      | Reached XP level 5. HP: 20/40 MP: 4/9
  2021 | D:2      | You fall into a shaft and drop 2 floors!
  2175 | D:3      | Identified the +6 trident of the Red Skies {vorpal, rF+
                  | Str+4 Int+6}
  2305 | D:3      | Noticed Natasha
  2320 | D:3      | Killed Natasha
  2511 | D:3      | Got the Incunabulum of Evil Poison
  2596 | D:3      | Found an ornate altar of the Wu Jian Council.
  2622 | D:3      | Noticed Natasha
  2630 | D:3      | Killed Natasha
  2665 | D:3      | Noticed Natasha
  2671 | D:3      | Killed Natasha
  2672 | D:3      | Reached skill level 5 in Transmutations
  2672 | D:3      | Reached XP level 6. HP: 37/47 MP: 11/11
  2891 | D:3      | Noticed Robin
  2913 | D:3      | Killed Robin
  4273 | D:4      | Noticed an orc warrior
  4661 | D:4      | Found Oshaf's Weapon Boutique.
  4679 | D:4      | Learned a level 4 spell: Ice Form
  4729 | D:4      | Identified the +0 cloak "Itaik" {Will+ Int+3}
  4747 | D:4      | Found a shadowy altar of Dithmenos.
  4812 | D:4      | Noticed a +0 spear
  4814 | D:4      | Noticed a +0 falchion
  4815 | D:4      | Noticed a +0 short sword
  4817 | D:4      | Reached skill level 1 in Ice Magic
  4817 | D:4      | Noticed a +0 dagger
  4819 | D:4      | Noticed a +0 dagger
  4821 | D:4      | Noticed a +0 falchion
  4826 | D:4      | Noticed a +0 spear
  4827 | D:4      | Noticed a +0 short sword
  4832 | D:4      | Found a hide-covered altar of Uskayaw.
  4884 | D:4      | Your scales start taking on a pale cyan-grey colour.
  4884 | D:4      | Reached XP level 7. HP: 52/52 MP: 13/13
  4884 | D:4      | Gained mutation: You are immune to the effects of steam.
                  | [Pale Draconian growth]
  4898 | D:4      | Reached skill level 6 in Transmutations
  5222 | D:5      | Entered Level 5 of the Dungeon
  5819 | D:5      | Noticed Menkaure
  5828 | D:5      | Killed Menkaure
  5829 | D:5      | Reached skill level 7 in Transmutations
  5829 | D:5      | Reached XP level 8. HP: 21/59 MP: 9/14
  5846 | D:5      | Noticed a two-headed ogre
  6540 | D:5      | Reached skill level 5 in Spellcasting
  6989 | D:6      | Reached skill level 5 in Ice Magic
  6997 | D:6      | Reached skill level 8 in Transmutations
  7262 | D:6      | Reached XP level 9. HP: 42/64 MP: 15/17
  7461 | D:6      | Reached skill level 9 in Transmutations
  7962 | D:6      | Noticed a cyclops
  8164 | D:6      | Slain by a warg

Illustrated notes

Levels and vault maps discovered:
D:1:      minmay_arrival_stair_chambers, layout_loops_ring,
          ebering_ecumenical_altar_hall, dk_noncrumbling_3, serial_bayou_lake_a
D:2:      layout_basic, serial_shops, nicolae_shop_competitors_out_of_business,
          uniq_sigmund
D:3:      layout_loops_ring, nicolae_wu_jian_glorious_leap, serial_rivers,
          chequers_serial_rivers_small_3, chequers_serial_rivers_room_a,
          chequers_serial_rivers_small_a, chequers_serial_rivers_marsh,
          uniq_natasha, uniq_robin
D:4:      layout_rooms, nicolae_uskayaw_en_pointe,
          grunt_dithmenos_smoke_and_mirrors, serial_shops,
          nicolae_shop_bloodbath_and_beyond, serial_curves, eino_curves_03,
          eino_curves_03
D:5:      layout_loops_corners, portal_sewer_entry_a, kennysheep_small_spiral,
          uniq_menkaure
D:6:      lemuel_castle_with_subvaults [lemuel_castle_interior_carwin_1],
          layout_basic, nicolae_overflow_hallway_of_the_gods, minmay_pentangle

Skill      XL: |  1  2  3  4  5  6  7  8  9 |
---------------+----------------------------+-----
Transmutations | 3 4 5 7 8 9 |  9.4
Spellcasting   | 3 4 5 6 |  6.1
Poison Magic   | 1 |  1.7
Ice Magic      | 1 3 5 |  5.0
Fighting       | |  1.1
Dodging        | |  1.7
Unarmed Combat | |  3.0

Action                   |  1- 3 |  4- 6 |  7- 9 || total
-------------------------+-------+-------+-------++-------
Melee: Unarmed           |    28 |     9 |   141 ||   178
       Kick              |    11 |     3 |       ||    14
       Headbutt          |     8 |     1 |       ||     9
       Tailslap          |     2 |    12 |     2 ||    16
       Short sword       |    59 |     6 |       ||    65
       Punch             |     1 |     1 |     1 ||     3
       Trident           |       |   124 |    21 ||   145
 Cast: Beastly Appendage |    13 |     7 |       ||    20
       Spider Form       |     2 |     2 |       ||     4
       Ice Form          |       |       |    13 ||    13
 Abil: Breathe Steam     |       |       |     7 ||     7
  Use: Scroll            |     7 |     2 |     2 ||    11
 Stab: Sleeping          |       |     2 |       ||     2
       Distracted        |       |       |     1 ||     1
Armor: Skin              |    38 |    43 |    80 ||   161
Dodge: Dodged            |    66 |    91 |    83 ||   240

Table legend: (Time is in decaauts)
 A = Elapsed time spent in this place.
 B = Non-inter-level travel time spent in this place.
 C = Inter-level travel time spent in this place.
 D = Time resting spent in this place.
 E = Time spent auto-exploring this place.
 F = Levels seen in this place.
 G = Mean time per level.
                   A        B        C        D        E       F      G
               +--------+--------+--------+--------+--------+-----+--------+
         Total |   8266 |   7901 |    365 |    606 |   6111 |   6 | 1377.7 |
       Dungeon |   8266 |   7901 |    365 |    606 |   6111 |   6 | 1377.7 |
               +--------+--------+--------+--------+--------+-----+--------+

Top non-repeatable levels by time:
     D:5: 1849 daAuts
     D:2: 1537 daAuts
     D:3: 1514 daAuts
     D:1: 1434 daAuts
     D:6: 1054 daAuts
     D:4: 876 daAuts
